[Event "Early-Titled-Tuesday-Blitz-March-12-2024"]
[Site "Chess.com"]
[Date "2024.03.12"]
[Round "1"]
[White "Witik"]
[Black "falzehope0"]
[Result "1-0"]
[WhiteElo "2759"]
[BlackElo "2413"]
[TimeControl "180+1"]
[EndTime "8:08:02 PDT"]
[Termination "Witik won by resignation"]

1. d4 d6 2. e4 Nf6 3. Nc3 Nbd7 4.
Nf3 e5 5. Bc4 Be7 6. O-O O-O 7.
Re1 c6 8. a4 Qc7 9. h3 h6 10.
Be3 Re8 11. a5 Nf8 12. d5 c5 13. a6 b6 14. Bb5 Bd7 15. Qd3 Qc8 16. Nd2 Ng6 17.
Bxd7 Qxd7 18. Qb5 Qc8 19. Nc4 Rd8 20. Red1 Ne8 21. Qc6 Nc7 22. Nb5 Nxb5 23. Qxb5 Rd7 24. c3 Rc7 25. Na3 Bg5 26. Qe2 Bxe3 27. fxe3 Qd8 28.
Nb5 Rd7 29. Qg4 Qe7 30. Rf1 Rad8 31. Rf2 Qg5 32. Qxg5 hxg5 33. Raf1 f6 34. Rc2 Kh7 35. Rfc1 Kg8 36. b4 Rb8 37. bxc5 bxc5 38. c4 Rb6 39. Ra2 Ne7 40. Kf2 Nc8 41. Ke2 Rf7 42. Rf1 Kh7 43. Kd3 Kg6 44. Rff2 Rf8 45. Rf1 Re8 46. Rfa1 Rh8 47. Nc3 Rd8 48. Rb1 Rxb1 49. Nxb1 Nb6 50. Nc3 Re8 51. Nb5 Nc8 52. Nc7 Re7 53. Ne6 Kf7 54.
Rb2 Nb6 55. Nd8+ Ke8 56. Nc6 Rd7 57. Rxb6 axb6 58. a7 Rxa7 59. Nxa7 Kd7 60. Nb5 g6 61.
Ke2 f5 62. Kf3 Ke7 63. exf5 gxf5 64. e4 f4 65. Kg4 Kd7 66. Kxg5 Ke7 67. Kf5 Kf7 68.
Nxd6+ Ke7 69. Kxe5 Kd7 70. Nb5 Ke7 71. Kxf4 Kd7 72.
e5 Ke7 73. Kf5 Kd7 74. g3 Ke7 75. h4 Kd7 76. g4 Ke7 77. h5 Kd7 78. g5 Ke7 79. h6 Kf7 80. g6+ Kg8 81. d6 Kf8 82.
e6 Kg8 83. Kf6 Kf8 84. h7 1-0

[Event "Early-Titled-Tuesday-Blitz-March-12-2024"]
[Site "Chess.com"]
[Date "2024.03.12"]
[Round "1"]
[White "Switzerlamb"]
[Black "Rud_Makarian"]
[Result "0-1"]
[WhiteElo "2549"]
[BlackElo "3006"]
[TimeControl "180+1"]
[EndTime "8:08:04 PDT"]
[Termination "Rud_Makarian won by resignation"]

1. Nf3 Nf6 2. c4 e6 3. Nc3 d5 4.
d4 dxc4 5. e4 b5 6. e5 Nd5 7.
Nxb5 Nb6 8. Ng5 Be7 9. Qh5 Bxg5 10. Bxg5 Qd7 11. Nc3 Nc6 12. Rd1 Bb7 13. Be2 h6 14. Bf3 Na5 15. Bxb7 Nxb7 16. O-O Nd5 17. Nxd5 Qxd5 18.
f4 Na5 19. f5 exf5 20. e6 O-O 21. e7 hxg5 22. exf8=Q+ Rxf8 23. Rf3 f6 24. Rh3 Nc6 25.
Qh7+ Kf7 26. Rh6 Nxd4 27. Re1 Ne6 28. Qg6+ Ke7 29. Qxg7+ Rf7 30. Qg8 Qd2 31. Rf1 Qe3+ 32. Kh1 Qe2 33. Rg1 f4 34. Qb8 f3 35. Qb4+ Kd7 36.
Qb5+ Kd6 37. Qb4+ c5 38. Qb8+ Kd5 39. Rh8 Rd7 40. gxf3 Qxf3+ 41. Rg2 Qf1+ 42. Rg1 Qf3+ 43. Rg2 Ke4 44. Qa8+ Kf4 45. Qxf3+ Kxf3 46. Rh3+ Ke4 47.
Rc2 Rd1+ 48. Kg2 Nf4+ 49. Kg3 Rd3+ 50. Kg4 f5+ 51. Kxg5 Nxh3+ 52. Kf6 0-1

[Event "Early-Titled-Tuesday-Blitz-March-12-2024"]
[Site "Chess.com"]
[Date "2024.03.12"]
[Round "1"]
[White "LiadCuba"]
[Black "snowlord"]
[Result "0-1"]
[WhiteElo "2509"]
[BlackElo "2905"]
[TimeControl "180+1"]
[EndTime "8:08:04 PDT"]
[Termination "snowlord won by checkmate"]

1. d4 Nf6 2. c4 Nc6 3. Nf3 e6 4.
Bg5 h6 5. Bxf6 Qxf6 6. Nc3 g5 7. e3 g4 8. Nd2 Rg8 9. a3 d6 10. Qc2 h5 11. Nde4 Qe7 12. d5 Ne5 13. O-O-O Bg7 14. c5 f5 15. cxd6 cxd6 16. Bb5+ Kf8 17. Ng3 a6 18. Be2 Qf7 19. f4 gxf3 20. gxf3 h4 21. f4 hxg3 22. fxe5 g2 23. Rhg1 Bxe5 24. Bf3 exd5 25.
Nxd5 Be6 26. Kb1 Rc8 27. Qd2 Rc5 28. Nb4 Rb5 29. Be2 Rb6 30. Nd3 Bf6 31. Rc1 Bc4 32. Rc2 Qd5 33. Nb4 Qxd2 34. Rxd2 Bf7 35. Bf3 a5 36.
Rdxg2 Rxg2 37. Rxg2 axb4 38. axb4 Rxb4 39. Bd1 Bd5 40. Rf2 Be4+ 41. Kc1 Be5 42. Bg4 Rc4+ 43. Kd1 Ke7 44. Be2 Rb4 45. Bf1 Rxb2 46. Rxb2 Bxb2 47. Bc4 Be5 48. h4 Bc6 49. Be2 b5 50. h5 b4 51.
Kc2 Bd5 52. Bd3 b3+ 53. Kb1 Kf6 54. Be2 Be4+ 55. Kc1 b2+ 56. Kd2 b1=Q 57. h6 Qb2+ 58. Ke1 Bg3+ 59. Kf1 Bf3 60. h7 Qxe2+ 61. Kg1 Qf2# 0-1

[Event "Early-Titled-Tuesday-Blitz-March-12-2024"]
[Site "Chess.com"]
[Date "2024.03.12"]
[Round "1"]
[White "Kirill_Klukin"]
[Black "Mr_ruthless"]
[Result "0-1"]
[WhiteElo "2812"]
[BlackElo "2484"]
[TimeControl "180+1"]
[EndTime "8:08:05 PDT"]
[Termination "Mr_ruthless won by resignation"]

1. Nf3 Nf6 2. e3 c5 3. c4 b6 4. b3 g6 5. Bb2 Bg7 6. d4 cxd4 7. Nxd4 O-O 8. Be2 Bb7 9. O-O d5 10. Nc3 dxc4 11. Bxc4 Nc6 12. Nxc6 Bxc6 13. Qe2 e6 14. Ba3 Nd5 15. Nxd5 exd5 16. Rad1 Re8 17. Qf3 Re5 18.
Bd3 Rc8 19. Rc1 Re6 20. Qg4 h5 21. Qh3 d4 22. Bc4 Re8 23. Rcd1 b5 24. Be2 Qa5 25.
Bc5 Qxa2 26. Bf3 Bxf3 27. Qxf3 Rxc5 28. exd4 Rf5 29. Qc6 Rd8 30. d5 Qxb3 31. d6 Qc4 32. Qb7 Bd4 33. Qc7 Bb6 34. Qe7 Qe6 35. Qb7 Rf6 36. d7 Kg7 37. h3 Qc6 38. Qxc6 Rxc6 39.
Rd5 Rc7 40. Rfd1 b4 41. Kf1 b3 42. Rb5 Rcxd7 43. Rxd7 Rxd7 44. Rxb3 Rd2 45. f3 Rf2+ 46. Ke1 Rxg2 47. h4 Rg3 48. Rb4 Rh3 49.
Ke2 Rh2+ 50. Kf1 Kf6 51. Ke1 Kf5 52. Ra4 g5 53. hxg5 Kxg5 54. Rb4 Ba5 0-1

[Event "Early-Titled-Tuesday-Blitz-March-12-2024"]
[Site "Chess.com"]
[Date "2024.03.12"]
[Round "1"]
[White "FoxOnTheRun97"]
[Black "Felix-Rose"]
[Result "1-0"]
[WhiteElo "2638"]
[BlackElo "2240"]
[TimeControl "180+1"]
[EndTime "8:08:05 PDT"]
[Termination "FoxOnTheRun97 won on time"]

1. d4 d5 2. c4 e6 3. Nc3 Nf6 4.
cxd5 exd5 5. Bg5 c6 6. e3 Be7 7. Bd3 Nbd7 8. Nf3 h6 9. Bh4 Nh5 10. Bxe7 Qxe7 11. O-O O-O 12. a3 a5 13. Rc1 Nhf6 14. Nd2 Re8 15. Na4 Qd8 16. h3 Nb6 17. Nc5 Qe7 18. Bb1 a4 19. Nf3 g6 20. Ne5 Kg7 21. Qf3 Nbd7 22. Nexd7 Bxd7 23. Rfe1 Ne4 24. Bxe4 dxe4 25. Qg3 Bf5 26. Rc4 b6 27. Nxa4 b5 28. Rc5 bxa4 29. Rxf5 Qb7 30. Re5 Qxb2 31. Rxe8 Rxe8 32. Qd6 Qc3 33. Rb1 Re6 34. Qb4 Qc2 35. Qb2 Qd3 36. Rc1 Rf6 37. h4 h5 38. g3 Qb5 39.
Qc3 Qb3 40. Qxb3 axb3 41. Rb1 Rf5 42. Rxb3 Ra5 43. Rc3 Ra6 44. Kf1 Kf6 45. Ke2 Kf5 46. a4 Rxa4 47. Rxc6 Ra2+ 48. Kf1 Kg4 49. Kg2 Ra7 50.
Rf6 1-0

[Event "Early-Titled-Tuesday-Blitz-March-12-2024"]
[Site "Chess.com"]
[Date "2024.03.12"]
[Round "1"]
[White "PepeCuenca"]
[Black "Akylbek2021"]
[Result "1-0"]
[WhiteElo "2704"]
[BlackElo "2330"]
[TimeControl "180+1"]
[EndTime "8:08:07 PDT"]
[Termination "PepeCuenca won on time"]

1. d4 Nf6 2. Bf4 d5 3. e3 e6 4. Nf3 b6 5. Nbd2 Bb7 6. c3 Bd6 7. Ne5 O-O 8. h4 Nbd7 9. Bd3 Ne4 10. Qc2 Bxe5 11. dxe5 Ndc5 12. Be2 f6 13. f3 fxe5 14.
Bxe5 Nxd2 15. Qxd2 Nd7 16. Bg3 e5 17. O-O-O Kh8 18.
e4 c6 19. Qg5 Qf6 20. exd5 cxd5 21. Bb5 Rad8 22. Bxd7 Rxd7 23. Bxe5 Qxg5+ 24. hxg5 Kg8 25. f4 d4 26. Rxd4 Rxd4 27. cxd4 Bxg2 28. Rh2 Be4 29. Kd2 Rc8 30. Ke3 Bd5 31. f5 Bxa2 32. f6 gxf6 33. gxf6 Bf7 34. Rg2+ Bg6 35. d5 Kf7 36. Kd4 a5 37. Re2 b5 38. Bd6 Rc4+ 39. Ke5 a4 40. Be7 b4 41. d6 a3 42. bxa3 bxa3 43.
d7 a2 44. Rxa2 Re4+ 45. Kd5 Re1 46. d8=Q Rd1+ 47. Kc5 Rxd8 48. Bxd8 Bf5 49. Kd4 Be6 50. Ra7+ Kg6 51. Rg7+ Kh6 52. Ke5 Bc4 53. Rg1 1-0

[Event "Early-Titled-Tuesday-Blitz-March-12-2024"]
[Site "Chess.com"]
[Date "2024.03.12"]
[Round "1"]
[White "willcab71"]
[Black "Sadykov_Ramil"]
[Result "0-1"]
[WhiteElo "2134"]
[BlackElo "2601"]
[TimeControl "180+1"]
[EndTime "8:08:09 PDT"]
[Termination "Sadykov_Ramil won on time"]

1. Nf3 d6 2. d4 Nf6 3. g3 c6 4.
Bg2 Qc7 5. a4 a5 6. O-O Nbd7 7.
c3 g6 8. Re1 Bg7 9. e4 e5 10.
dxe5 dxe5 11. Nbd2 Nb6 12. Bf1 Be6 13. Qc2 h6 14. b3 O-O 15. Be2 Rfd8 16. Nf1 Kh7 17. Be3 Bf8 18. N3d2 Nfd7 19. Rad1 Bc5 20. Bxc5 Nxc5 21.
Ne3 Kg7 22. Ndc4 Nxc4 23. Bxc4 Qe7 24. Bxe6 Qxe6 25. Nc4 b5 26. axb5 cxb5 27. Rxd8 Rxd8 28. Nxa5 Rc8 29. b4 Na4 30. c4 Qb6 31. Rd1 Rc7 32. Rd5 f6 33. Qd1 Qe6 34. c5 Nc3 35. Qd3 Nxd5 36.
exd5 Qg4 37. d6 Rf7 38. Nc6 e4 39. Qe3 Qd1+ 40. Kg2 Qd5 41. Nd4 f5 42. Ne2 Kh7 43. Qd4 Qc6 44. Nf4 g5 45. Nh5 e3+ 46. f3 e2 47. Qe3 g4 48. Qxe2 Ra7 49. Nf6+ Kg6 50. Ne8 gxf3+ 51. Qxf3 Ra2+ 0-1

[Event "Early-Titled-Tuesday-Blitz-March-12-2024"]
[Site "Chess.com"]
[Date "2024.03.12"]
[Round "1"]
[White "SilverSwords13"]
[Black "TanitoluwaAps116"]
[Result "0-1"]
[WhiteElo "2466"]
[BlackElo "2834"]
[TimeControl "180+1"]
[EndTime "8:08:11 PDT"]
[Termination "TanitoluwaAps116 won by resignation"]

1. e4 c5 2. Nf3 e6 3. d4 cxd4 4. Nxd4 Nf6 5. Nc3 Nc6 6. Nxc6 bxc6 7. e5 Nd5 8. Ne4 Qc7 9. f4 Rb8 10. c4 Bb4+ 11. Ke2 O-O 12. cxd5 cxd5 13. Ng5 f6 14. Nf3 fxe5 15. fxe5 d6 16. exd6 Qxd6 17. Qd4 e5 18. Qxe5 Ba6+ 19. Kd1 Qxe5 20. Nxe5 Rxf1+ 21. Rxf1 Bxf1 22. Nc6 Rb6 23. Nxb4 Rxb4 24. g3 Kf7 25. b3 Ke6 26. Bb2 g6 27. Kd2 Bg2 28. Re1+ Be4 29.
Rf1 Bf5 30. Re1+ Kd7 31. Rc1 Re4 32. Rc5 Ke6 33. Rc6+ Kd7 34. Ra6 Bg4 35. Rxa7+ Kc6 36. Kd3 Bf5 37. Kc3 Re2 38. Rxh7 Rc2+ 39. Kd4 Rxb2 40.
Rh8 Rxa2 41. h4 Rd2+ 42. Kc3 Rd3+ 43. Kb2 Rxg3 44. h5 gxh5 45. Rxh5 Be4 46. Rh6+ Kc5 47.
Rh8 d4 48. Rc8+ Bc6 49. b4+ Kb5 50. Rb8+ Kc4 51. Rc8 Rg6 52. Kc2 Kxb4 53. Kd3 Kc5 54. Rd8 Rg3+ 55. Kd2 Kc4 56. Rc8 Rg2+ 57. Ke1 Kc5 58. Rd8 Bb5 59. Rc8+ Kb4 60. Rd8 Kc3 61. Rc8+ Bc4 62. Ra8 Re2+ 0-1

[Event "Early-Titled-Tuesday-Blitz-March-12-2024"]
[Site "Chess.com"]
[Date "2024.03.12"]
[Round "1"]
[White "Boundless_Strike"]
[Black "ASKA538"]
[Result "0-1"]
[WhiteElo "2613"]
[BlackElo "2247"]
[TimeControl "180+1"]
[EndTime "8:08:11 PDT"]
[Termination "ASKA538 won by checkmate"]

1. d4 Nf6 2. f3 d6 3. e4 g6 4.
Nc3 Bg7 5. Be3 O-O 6. Qd2 c6 7. Bh6 b5 8. Bd3 a5 9. h4 e5 10. dxe5 dxe5 11. g4 Na6 12. h5 Nb4 13. Bxg7 Kxg7 14.
hxg6 fxg6 15. Qh6+ Kg8 16. O-O-O Qe7 17. Nh3 Qg7 18.
Qe3 Qe7 19. Be2 Be6 20. Ng5 Nxa2+ 21. Nxa2 Bxa2 22. Rh2 a4 23. Rdh1 a3 24. Nxh7 Nxh7 25. Rxh7 Qxh7 26. Rxh7 Kxh7 27. bxa3 Rf7 28. Qc5 Rfa7 29.
Qxe5 Rxa3 30. Qc7+ Kg8 31. Qxc6 Bf7 32. Bxb5 Ra1+ 33. Kd2 Rd8+ 34. Ke3 Ra3+ 35. Kf4 Rf8 36. Kg5 Rxf3 37. Bc4 Kg7 38. Bxf7 R8xf7 39. Qxg6+ Kf8 40. Qd6+ Kg8 41. Qd5 Kg7 42. e5 Re7 43. e6 Rf6 44. c4 Rfxe6 45. Kf4 Kf6 46. g5+ Kg6 47. c5 Rf7+ 48.
Kg4 Rfe7 49. c6 Re4+ 50. Kf3 R4e5 51. Qd6+ Kxg5 52. c7 Re3+ 53. Kf2 Re2+ 54. Kf3 R7e3# 0-1

[Event "Early-Titled-Tuesday-Blitz-March-12-2024"]
[Site "Chess.com"]
[Date "2024.03.12"]
[Round "1"]
[White "bascheyaro"]
[Black "suspiciumchess"]
[Result "1-0"]
[WhiteElo "2774"]
[BlackElo "2416"]
[TimeControl "180+1"]
[EndTime "8:08:17 PDT"]
[Termination "bascheyaro won by resignation"]

1. d4 Nf6 2. c4 g6 3. Nf3 Bg7 4. Nc3 O-O 5. Bf4 d6 6. h3 Nbd7 7. e3 Qe8 8. Be2 e5 9. Bh2 h6 10. O-O Qe7 11. Qc2 c6 12. dxe5 dxe5 13. Rad1 Nh7 14.
Ne4 Nc5 15. Nd6 Rd8 16. Nxc8 Raxc8 17. b4 Ne6 18. c5 Nc7 19. Bc4 Ng5 20. Qxg6 Nxf3+ 21.
gxf3 Nd5 22. Bxd5 cxd5 23. Qf5 Qg5+ 24. Qxg5 hxg5 25. Rd3 Rd7 26. Rfd1 Rcd8 27. Kf1 Kf8 28. Ke2 Ke7 29. a4 Ke6 30. Rg1 Bf6 31. Rc1 Rh8 32. c6 bxc6 33. Rxc6+ Rd6 34. Rxd6+ Kxd6 35. e4 d4 36. Rxd4+ Ke6 37. Rc4 Rxh3 38. Rc6+ Ke7 39. Bg3 Rh8 40. Rc7+ Ke6 41. Rxa7 Rb8 42. b5 Bd8 43.
Kd3 Rb6 44. Kc4 Rd6 45. a5 f6 46. Kc5 Be7 47. b6 Rd3+ 48. Rxe7+ Kxe7 49. a6 Kd7 50. a7 Rc3+ 51. Kd5 Ra3 52. b7 Ra5+ 53. Kc4 Rxa7 54. b8=Q Rc7+ 55. Qxc7+ Kxc7 56. Kd5 Kd7 57. Bxe5 fxe5 58.
Kxe5 1-0

[Event "Early-Titled-Tuesday-Blitz-March-12-2024"]
[Site "Chess.com"]
[Date "2024.03.12"]
[Round "1"]
[White "GeorgiosSouleidis"]
[Black "martinmena"]
[Result "1-0"]
[WhiteElo "2658"]
[BlackElo "2273"]
[TimeControl "180+1"]
[EndTime "8:08:17 PDT"]
[Termination "GeorgiosSouleidis won by resignation"]

1. e4 c6 2. Nc3 d5 3. Nf3 Bg4 4. h3 Bxf3 5. Qxf3 e6 6. d4 Nf6 7.
a3 dxe4 8. Qe3 Nd5 9. Qxe4 Nxc3 10. bxc3 Nd7 11. Bd3 Nf6 12. Qh4 Be7 13. Qg3 O-O 14. Rb1 b6 15. Bh6 Ne8 16. O-O Bf6 17. Bf4 g6 18. Qf3 Qd7 19. Be4 Rc8 20. a4 Bg7 21. a5 b5 22. Be5 Nd6 23. Bd3 Bxe5 24. dxe5 Nb7 25. Ra1 Nc5 26. h4 Qd5 27. Qe3 Nxd3 28.
cxd3 c5 29. Rfd1 a6 30. h5 Rfd8 31. Rac1 f5 32. exf6 Qf5 33. hxg6 hxg6 34. Re1 Qxf6 35. Qxe6+ Kg7 36. Qe7+ Qf7 37. Qe5+ Qf6 38. Qg3 Re8 39.
Rxe8 Rxe8 40. Qc7+ Qf7 41. Qxc5 Re2 42. Qd4+ Kg8 43. c4 b4 44. c5 b3 45. c6 b2 46.
Rb1 Qc7 47. Rxb2 Rxb2 48. Qxb2 Qxc6 49. Qb8+ Kg7 50. Qa7+ Kh6 51. Qe3+ g5 52. Qb6 Qg6 53. d4 Kg7 54. Qxg6+ Kxg6 55. Kf1 Kf5 56. f3 g4 57.
fxg4+ Kxg4 58. Ke2 Kg3 59. d5 Kxg2 60. d6 Kg3 61. d7 Kf4 62. d8=Q Ke5 63. Qb6 Kd5 64. Kd2 1-0

[Event "Early-Titled-Tuesday-Blitz-March-12-2024"]
[Site "Chess.com"]
[Date "2024.03.12"]
[Round "1"]
[White "FlemingA"]
[Black "Andrei_Skvortsov"]
[Result "0-1"]
[WhiteElo "2424"]
[BlackElo "2779"]
[TimeControl "180+1"]
[EndTime "8:08:18 PDT"]
[Termination "Andrei_Skvortsov won by resignation"]

1. e4 c5 2. Nf3 d6 3. d4 cxd4 4.
Qxd4 Nf6 5. Nc3 Nc6 6. Bb5 Bd7 7. Bxc6 Bxc6 8. Bg5 e5 9. Qd3 h6 10. Bxf6 Qxf6 11.
O-O Rc8 12. Nd5 Qd8 13. c4 Be7 14. Rfd1 O-O 15. b3 Bg5 16. h3 Re8 17. Nd2 Qd7 18. Nf1 Bd8 19. Nfe3 Qe6 20. Nf5 Kh7 21. Nc3 Bc7 22.
Nd5 Bb8 23. Qg3 g6 24. Nfe3 f5 25. exf5 gxf5 26. Qh4 Rf8 27. Qe7+ Qxe7 28. Nxe7 f4 29. N3d5 Rce8 30. f3 Bd7 31. Re1 Rf7 32. Rad1 b6 33.
b4 Rfxe7 34. Nxe7 Rxe7 35. b5 Be6 36. Rc1 Rc7 37. Re4 Rc5 38. Kh2 Kg6 39. g3 Bf5 40.
Re2 fxg3+ 41. Kxg3 d5 42. Kf2 dxc4 43. Rg1+ Kf6 44.
Rd1 Ke7 45. Red2 c3 46. Re2 c2 47. Rc1 Bd6 48. f4 Kf6 49. fxe5+ Bxe5 50. Ke3 Rc3+ 51.
Kd2 Rxh3 52. Rf2 Bc3+ 53. Ke2 Bb2 54. Rxc2 Bd4 55. Rc6+ Ke5 56. Rf3 Rxf3 57. Kxf3 Be4+ 58. Ke2 Bxc6 59. bxc6 Kd6 60. c7 Kxc7 0-1

[Event "Early-Titled-Tuesday-Blitz-March-12-2024"]
[Site "Chess.com"]
[Date "2024.03.12"]
[Round "1"]
[White "PIwan"]
[Black "Mysterio47"]
[Result "0-1"]
[WhiteElo "2413"]
[BlackElo "2759"]
[TimeControl "180+1"]
[EndTime "8:08:19 PDT"]
[Termination "Mysterio47 won on time"]

1. c4 g6 2. d4 Bg7 3. e4 d6 4.
Nc3 Nf6 5. f3 O-O 6. Bg5 c5 7.
d5 h6 8. Be3 e6 9. Qd2 exd5 10.
cxd5 a6 11. a4 Nbd7 12. Nge2 Ne5 13. Ng3 h5 14. Bg5 Qb6 15. Be2 Nh7 16. a5 Qc7 17. Bh6 h4 18. Bxg7 Kxg7 19. Nf1 f5 20. exf5 Bxf5 21. Ne3 Rae8 22. O-O Qd8 23. f4 Nd7 24. Nxf5+ gxf5 25. Bh5 Re7 26. Rae1 Ndf6 27. Rxe7+ Qxe7 28. Re1 Qd8 29. Qe2 Kh6 30. Bf3 Re8 31. Qf2 Rxe1+ 32. Qxe1 Qxa5 33. Qxh4+ Kg7 34. Qe1 Qc7 35. Nd1 Ng8 36.
Qe6 Nh6 37. Ne3 b5 38. Nxf5+ Nxf5 39. Qxf5 Qe7 40. Be4 Nf8 41. g4 Qh4 42. Qg5+ Qxg5 43. fxg5 a5 44. h4 a4 45. h5 b4 46. g6 c4 47. g5 a3 48. bxa3 bxa3 49. h6+ Kg8 50. Bb1 c3 51. g7 a2 52. gxf8=Q+ Kxf8 53. Bxa2 c2 54. g6 c1=Q+ 55. Kf2 Qxh6 0-1

[Event "Early-Titled-Tuesday-Blitz-March-12-2024"]
[Site "Chess.com"]
[Date "2024.03.12"]
[Round "1"]
[White "Misterfox120"]
[Black "CSB7"]
[Result "0-1"]
[WhiteElo "2419"]
[BlackElo "2774"]
[TimeControl "180+1"]
[EndTime "8:08:20 PDT"]
[Termination "CSB7 won by resignation"]

1. d4 Nf6 2. Bf4 c5 3. e3 d5 4. Nf3 Nc6 5. Nbd2 e6 6. c3 cxd4 7. exd4 Nh5 8. Be3 Bd6 9. Ne5 g6 10. g4 Ng7 11. h4 h5 12. Bg5 Qc7 13. Bf6 Kf8 14. f4 Rh7 15. Bxg7+ Kxg7 16. gxh5 Rxh5 17. Be2 Rh6 18. h5 f6 19. Nxg6 Bxf4 20. Nxf4 Qxf4 21. Rg1+ Kf7 22. Nf3 Bd7 23. Qd2 Qxd2+ 24. Kxd2 Rxh5 25. Ne5+ Rxe5 26. dxe5 Nxe5 27. Rh1 Ke7 28. Rag1 Kd6 29. Rh6 Rf8 30. Rg7 Bc6 31. Rh2 a5 32. Rh3 Nd7 33.
Rhg3 Nc5 34. Rg8 Ne4+ 35. Ke3 Nxg3 36. Rxf8 Nf5+ 37. Kd2 d4 38. cxd4 Ke7 39. Rh8 Nxd4 40. Bd3 Kd6 41. Rd8+ Kc5 42. Rh8 f5 43. a3 Kd6 44. Rh6 Ke5 45. Ke3 Nb3 46. Kf2 Nc5 47. Ke3 Bd5 48. Kd2 Kd4 49. Bc2 f4 50. Rh4 e5 51.
Ke2 Be4 52. Bxe4 Kxe4 53. Rh7 Ne6 54. Rxb7 Nd4+ 55. Kf2 Kd3 56. Rb5 Nxb5 0-1

[Event "Early-Titled-Tuesday-Blitz-March-12-2024"]
[Site "Chess.com"]
[Date "2024.03.12"]
[Round "1"]
[White "rezamahdavi2008"]
[Black "venturov"]
[Result "1-0"]
[WhiteElo "2880"]
[BlackElo "2485"]
[TimeControl "180+1"]
[EndTime "8:08:25 PDT"]
[Termination "rezamahdavi2008 won by resignation"]

1. e4 Nf6 2. e5 Nd5 3. d4 d6 4. Nf3 dxe5 5. Nxe5 c6 6. Be2 Bf5 7. O-O Nd7 8. Nf3 e6 9. c4 N5f6 10. Nc3 Bd6 11. h3 O-O 12. Qb3 Qb6 13. c5 Qxb3 14. axb3 Bc7 15. b4 a6 16. Re1 Nd5 17. Nxd5 exd5 18.
Nh4 Bg6 19. Nxg6 hxg6 20. Bg4 f5 21. Bf3 Rae8 22. Bg5 Nf6 23. Rad1 Kf7 24. Kf1 Rxe1+ 25. Rxe1 Re8 26. Rd1 Ne4 27. Bc1 Kf6 28. Be2 g5 29. Re1 Rh8 30. Kg1 g4 31. hxg4 Bh2+ 32. Kf1 Bg3 33.
Bf3 Bxf2 34. Rd1 Bg3 35. Ke2 Re8 36. Rf1 f4 37. Kd3 Nf2+ 38. Kc3 Ne4+ 39. Kc2 g5 40. Bd1 Bf2 41. Rh1 Bxd4 42. Bf3 Be3 43. Rh7 Bxc1 44.
Kxc1 Re7 45. Rh8 Ke6 46. Kc2 Ke5 47. Kd3 Nf2+ 48. Ke2 Ne4 49. Kd3 Nf6 50. Rf8 Ne4 51. Rf5+ Ke6 52. Bxe4 dxe4+ 53. Kxe4 Rg7 54. Rf8 Rd7 55.
Re8+ Re7 56. Rxe7+ Kxe7 57. Kf5 Kf7 58. Kxg5 Ke6 59.
Kxf4 Kd5 60. g5 Kc4 61. g6 Kxb4 62. g7 Kb3 63. g8=Q+ Kxb2 64. Qf7 a5 65. Qxb7+ 1-0

[Event "Early-Titled-Tuesday-Blitz-March-12-2024"]
[Site "Chess.com"]
[Date "2024.03.12"]
[Round "1"]
[White "PolandHussars"]
[Black "ChessLover0108"]
[Result "1/2-1/2"]
[WhiteElo "2538"]
[BlackElo "2944"]
[TimeControl "180+1"]
[EndTime "8:08:29 PDT"]
[Termination "Game drawn - insufficient material"]

1. e4 c5 2. Ne2 d6 3. g3 g6 4. Bg2 Bg7 5. c3 b6 6. d4 Bb7 7. h3 Nf6 8. f3 O-O 9. Be3 Nc6 10. O-O Rc8 11. d5 Na5 12. Nd2 e6 13. dxe6 fxe6 14. Nf4 Qe7 15. Rc1 d5 16. exd5 Nxd5 17.
Nxd5 exd5 18. Re1 Rcd8 19. Bf2 Qf7 20. f4 d4 21. cxd4 Bxg2 22. Kxg2 Qxa2 23. dxc5 Qxb2 24.
Rc2 Qb5 25. cxb6 axb6 26. Qb1 Qd5+ 27. Nf3 Nc4 28. Qb3 b5 29. Rce2 h6 30. Kh2 g5 31.
Re4 gxf4 32. gxf4 Kh8 33. Nh4 Rd6 34. f5 Kh7 35. Re6 Rxe6 36. Rxe6 Be5+ 37. Kg1 Rxf5 38. Rxh6+ Kxh6 39. Nxf5+ Kg5 40. Ne3 Qc6 41. Nxc4 bxc4 42. Qe3+ Kf5 43. h4 c3 44. Qg5+ Ke6 45. Qg6+ Bf6 46.
Bd4 Qf3 47. Bxf6 Qxf6 48. Qe4+ Qe5 49. Qc6+ Kf5 50. Qf3+ Ke6 51. Qc6+ Ke7 52. Qb7+ Kd6 53. Qb8+ Kd5 54. Qb5+ Kd4 55. Qb4+ Kd3 56. Kf2 Qe3+ 57. Kf1 Qf3+ 58. Kg1 Qe3+ 59. Kf1 Qf3+ 60. Kg1 c2 61. Qb3+ Ke4 62. Qxc2+ Kf4 63. Qf2 Qxf2+ 64. Kxf2 Kg4 65. h5 Kxh5 1/2-1/2

[Event "Early-Titled-Tuesday-Blitz-March-12-2024"]
[Site "Chess.com"]
[Date "2024.03.12"]
[Round "1"]
[White "stollenmonster"]
[Black "Barmen_EV"]
[Result "0-1"]
[WhiteElo "2869"]
[BlackElo "2508"]
[TimeControl "180+1"]
[EndTime "8:08:30 PDT"]
[Termination "Barmen_EV won by resignation"]

1. e4 c5 2. Nf3 Nc6 3. Nc3 e5 4. Nd5 Nf6 5. Nxf6+ Qxf6 6. g3 d6 7. Bg2 Be7 8. d3 O-O 9. O-O Bg4 10. h3 Bh5 11. g4 Bg6 12. Nd2 Rad8 13. Nc4 Qe6 14. Ne3 Bg5 15. c3 Ne7 16. Nf5 Bxc1 17. Qxc1 Bxf5 18.
exf5 Qf6 19. f4 d5 20. fxe5 Qxe5 21. f6 gxf6 22. Re1 Qd6 23. Qh6 Ng6 24. Rf1 Rfe8 25. Rf5 Qg3 26. Rf3 Re1+ 27. Rxe1 Qxe1+ 28. Rf1 Qg3 29. Rf3 Qe1+ 30. Rf1 Qg3 31. Rxf6 Re8 32. Qd2 Re1+ 33. Rf1 Rxf1+ 34. Kxf1 Nf4 35. d4 cxd4 36.
cxd4 Nxh3 37. Bxd5 Qxg4 38. Qg2 Qxg2+ 39. Bxg2 Nf4 40. Bxb7 Kf8 41. Kf2 Nd3+ 42. Ke3 Nxb2 43. Ke4 Ke7 44. Kd5 Nd3 45. a3 h5 46. Kc6 h4 47. d5 Ne5+ 48. Kc7 Nc4 49. Ba6 Nd6 50. Bf1 f5 51. Kb8 a5 52. Ka7 f4 53. Kb6 f3 54.
Kxa5 Nc4+ 55. Kb4 Ne3 56. Bh3 f2 57. a4 f1=Q 58. Bxf1 Nxf1 59. a5 Kd6 60. a6 Ne3 61. a7 Nxd5+ 62. Kc4 Nb6+ 63. Kd4 h3 0-1

[Event "Early-Titled-Tuesday-Blitz-March-12-2024"]
[Site "Chess.com"]
[Date "2024.03.12"]
[Round "1"]
[White "GalaxyRoman"]
[Black "VOneChess"]
[Result "1-0"]
[WhiteElo "2708"]
[BlackElo "2334"]
[TimeControl "180+1"]
[EndTime "8:08:33 PDT"]
[Termination "GalaxyRoman won by checkmate"]

1. d4 Nf6 2. c4 e6 3. Nc3 Bb4 4.
f3 d5 5. a3 Bxc3+ 6. bxc3 O-O 7.
cxd5 exd5 8. e3 Re8 9. Bd3 Nbd7 10. Ne2 c5 11. O-O Qc7 12. Ng3 g6 13. Bd2 b6 14.
Re1 Bb7 15. Rc1 Rac8 16. e4 dxe4 17. fxe4 cxd4 18. cxd4 Qd6 19. Rxc8 Rxc8 20. Be3 Qxa3 21. Bb1 Re8 22. e5 Nd5 23. Bh6 Nc3 24. Qd2 Nxb1 25.
Rxb1 f6 26. Qf2 fxe5 27. Rf1 Bd5 28. dxe5 Nxe5 29. Qf6 Qc5+ 30. Kh1 Bxg2+ 31. Kxg2 Qc6+ 32. Qxc6 Nxc6 33. Ne4 Rc8 34. Ng5 Ne5 35. Ne6 Rc2+ 36. Kg1 Rc8 37. h3 Nf7 38. Bf4 a5 39. Rb1 Rc6 40. Ng5 Rf6 41. Be3 Nxg5 42. Bxg5 Rf5 43.
Be3 b5 44. Bb6 a4 45. Ba5 h5 46. Bb4 Kf7 47. Re1 Kf6 48. Kg2 Kg5 49. Bd2+ Kf6 50. Bc3+ Kf7 51. Bb4 Rd5 52. Re7+ Kf6 53. Rb7 Rd2+ 54. Bxd2 Kf5 55. Rxb5+ Ke4 56. Ra5 Kd3 57.
Rxa4 Kxd2 58. Ra5 h4 59. Rg5 Ke3 60. Rxg6 Kf4 61. Rg4+ Kf5 62. Rxh4 Kg5 63. Rg4+ Kh5 64. Kg3 Kh6 65. Kf4 Kh5 66. Kf5 Kh6 67. Kf6 Kh5 68. Rf4 Kh6 69. Rh4# 1-0

[Event "Early-Titled-Tuesday-Blitz-March-12-2024"]
[Site "Chess.com"]
[Date "2024.03.12"]
[Round "1"]
[White "enriquebutti"]
[Black "Smoking_Crow"]
[Result "1-0"]
[WhiteElo "2209"]
[BlackElo "2591"]
[TimeControl "180+1"]
[EndTime "8:08:37 PDT"]
[Termination "enriquebutti won by resignation"]

1. d4 d5 2. c4 e6 3. Nf3 Nf6 4. Nc3 Be7 5. e3 O-O 6. b3 b6 7. Bb2 Bb7 8. Bd3 Nbd7 9. O-O c5 10.
Qe2 cxd4 11. exd4 Rc8 12. Rad1 Re8 13. Ne5 Bf8 14. f4 g6 15. cxd5 exd5 16. f5 Bg7 17.
Nb5 Nb8 18. Qf3 a6 19. Nc3 Nc6 20. Na4 g5 21. h4 h6 22. hxg5 hxg5 23. Qg3 Nh5 24.
Qg4 Nf4 25. Bb1 f6 26. Ng6 Nxg6 27. fxg6 Qc7 28. Qh5 Rcd8 29. Qh7+ Kf8 30. Rxf6+ Bxf6 31. Qxc7 Re7 32. Qg3 Rde8 33. Qf3 Kg7 34. Nxb6 Re2 35. Nxd5 R2e6 36. Qh5 Rh8 37. Qg4 Bc8 38. Bf5 Rh4 39.
Qf3 g4 40. Qf2 g3 41. Qxg3 Re8 42. Bxc8 Rxc8 43. Nxf6 Rch8 44. d5 Rh1+ 45. Kf2 Rxd1 46. Ne8+ Kg8 47. dxc6 Rh5 48. Qd6 Rf5+ 49. Kg3 Rxd6 50.
Nxd6 Rg5+ 51. Kf4 Rc5 52. Be5 Rxc6 53. Kf5 Rc2 54. Kf6 Rxg2 55. Nf5 Rf2 56. g7 a5 57.
Bd6 Rf1 58. Bf8 Rf2 59. Kg6 Rg2+ 60. Kf6 Rf2 61. Ke6 Re2+ 62. Kd5 Kh7 63. Ne7 Rd2+ 64.
Kc4 Rg2 65. g8=Q+ Rxg8 1-0